 Dungeon Crawl Stone Soup version 0.23.2-1-ga50397a (webtiles) character file.

Game seed: 14541286087870733780

9107 IBeShadow the Zephyrmancer (level 11, -12/66 HPs)
             Began as a Tengu Air Elementalist on May 15, 2019.
             Was a Believer of Ashenzari.
             Mangled by a death yak (26 damage)
             ... on level 1 of the Lair of Beasts on May 16, 2019.
             The game lasted 00:33:03 (14752 turns).

IBeShadow the Zephyrmancer (TeAE)                  Turns: 14752, Time: 00:33:04

Health: -12/66     AC:  8    Str: 11    XL:     11   Next: 41%
Magic:  21/21      EV: 15    Int: 17    God:    Ashenzari [**....]
Gold:   564        SH:  8    Dex: 14    Spells: 18/23 levels left

rFire    . . .     SeeInvis .   p - +1 whip (elec)
rCold    . . .     Gourm    .   B - +2 buckler
rNeg     . . .     Faith    .   I - +2 robe {MR+}
rPois    .         Spirit   .   (helmet restricted)
rElec    .         Reflect  .   y - +0 cloak
rCorr    .         Harm     .   o - +2 pair of gloves
MR       +....                  (boots unavailable)
Stlth    +++.......             n - amulet of inaccuracy (curse)
HPRegen  0.21/turn              C - ring of stealth
MPRegen  0.17/turn              (no ring)

@: lethally poisoned (-12 -> -21), flying quickly and evasively, quick
A: beak, talons 3, able to fly
a: Stop Flying, Curse Item, Scrying, Renounce Religion


You were on level 1 of the Lair of Beasts.
You worshipped Ashenzari.
Ashenzari was pleased with you.
You were hungry.

You visited 3 branches of the dungeon, and saw 13 of its levels.

You collected 564 gold pieces.

Inventory:

Hand Weapons
 p - a +1 whip of electrocution (weapon)
 G - a +0 morningstar
Armour
 j - a +0 ring mail of fire resistance
 o - a +2 pair of gloves (worn)
 y - a +0 cloak (worn)
 B - a +2 buckler (worn)
 E - a +1 robe of fire resistance
 H - a +0 troll leather armour
 I - a +2 robe of magic resistance (worn)
Jewellery
 n - a cursed amulet of inaccuracy (around neck)
 C - a ring of stealth (left hand)
Wands
 r - a wand of iceblast (27)
 F - a wand of random effects (24)
Scrolls
 a - a scroll of immolation {unknown}
 b - a scroll of brand weapon {unknown}
 f - 2 scrolls of enchant armour
 h - 2 scrolls of enchant weapon
 i - 3 scrolls of magic mapping
 k - 2 scrolls of identify
 q - 2 scrolls of fog
 s - 3 scrolls of remove curse
 u - a scroll of noise
 x - a scroll of vulnerability {unknown}
Potions
 e - 4 potions of heal wounds
 g - a potion of degeneration {unknown}
 m - a potion of resistance {unknown}
 t - a potion of brilliance {unknown}
 w - 4 potions of flight
 z - 3 potions of lignification
 A - 2 potions of mutation
Miscellaneous
 J - a crystal ball of energy
Comestibles
 c - 17 rations


   Skills:
 + Level 6.7 Fighting
 * Level 9.3 Maces & Flails
 - Level 2.1 Dodging
 - Level 2.0 Stealth
 - Level 6.6 Shields
 + Level 6.5 Spellcasting
 + Level 9.2 Conjurations
 + Level 9.8 Air Magic


You had 18 spell levels left.
You knew the following spells:

 Your Spells              Type           Power        Failure   Level  Hunger
a - Shock                 Conj/Air       ####         1%          1    None
b - Airstrike             Air            #####.....   2%          4    ####...

Your spell library contained the following spells:

 Spells                   Type           Power        Failure   Level  Hunger
 Static Discharge         Conj/Air       #####...     1%          3    ##.....
 Swiftness                Chrm/Air       ###.....     2%          2    None
 Lightning Bolt           Conj/Air       #####.....   7%          5    #####..
 Animate Skeleton         Necr           N/A          12%         1    None
 Apportation              Tloc           #.....       12%         1    None
 Confusing Touch          Hex            #.....       12%         1    None
 Infusion                 Chrm           #...         12%         1    None
 Summon Small Mammal      Summ           #...         12%         1    None
 Shroud of Golubria       Chrm/Tloc      #.........   19%         2    None
 Song of Slaying          Chrm           #.......     19%         2    None
 Regeneration             Chrm/Necr      #.........   36%         3    ##.....
 Spectral Weapon          Hex/Chrm       #.......     36%         3    ##.....


Dungeon Overview and Level Annotations

Branches:
Dungeon (11/15)            Temple (1/1) D:5            Lair (1/6) D:11
    Orc (0/2) D:10

Altars:
Ashenzari
Cheibriados
Dithmenos
Elyvilon
Fedhas
Gozag
Hepliaklqana
Kikubaaqudgha
Makhleb
Nemelex Xobeh
Okawaru
Qazlal
Ru
Sif Muna
Trog
Vehumet
Wu Jian
Xom
Yredelemnul
Zin
The Shining One

Annotations:
Lair:1 1 runed translucent door, meepyknight's ghost, journeyman GrFi


Innate Abilities, Weirdness & Mutations

You have a beak for a mouth.
You have claws for feet.
You can fly continuously.


Message History

You feel resistant to hostile enchantments.
You feel sick.
The river rat bites you but does no damage.
You block the water moccasin's attack. The spiny frog misses you.
The death yak gores you but does no damage.
As you read the scroll of fear, it crumbles to dust.
You assume a fearsome visage.
The river rat looks frightened!
The water moccasin looks frightened!
The death yak resists with almost no effort. x2
The water moccasin looks frightened!
The spiny frog looks frightened! x2
You feel sick. The death yak gores you. You block the death yak's attack.
You feel sick.
A water moccasin comes into view.
You feel sick.
You feel sick.
As you read the scroll of magic mapping, it crumbles to dust.
You feel aware of your surroundings.
You feel sick. The death yak gores you.
* * * LOW HITPOINT WARNING * * *
The death yak gores you!!
You die...

,,** *,*,*,,,*,*,***,,,* *,,**
,,,* **,,,***#..#* **,,* *,,*
,,,* **.,* ##..# *,,,###*#..*
,,******,..###...# **,,..P##..#
,,,,>,,,,,,.F.S..# #.........#
,,,,,,,,,,,,.....# #...,.....#
,,***,,,**,**#...# #..#**#.%.#
,,****,,**** ##..# ##..# *#..##
,,,* *,,* #..@# #...# #....
,,****,,* **##YY# ###..# #...F
,,***,,,**##.#...###.#..#####..##
,,,,,,,,,............F.........#*
,,,,,,,,,.............S........P#
**,,*,,*,........###r##...#P#..##
**,,****,........# ####..####....
*,,,* *,........#* #..# *.....
*,,** *,........P* #..# *#....


You could see 2 death yaks, a spiny frog (fleeing) and a water moccasin
(wandering).

Vanquished Creatures
  Erolcha (D:10)
  Erica (D:11)
  Nergalle (D:10)
  Psyche (D:8)
  A centaur zombie (D:10)
  A kobold demonologist (D:11)
  A troll (D:10)
  Prince Ribbit (D:7)
  A hornet (D:10)
  A wraith (D:11)
  A spriggan (D:7)
  A wyvern (D:9)
  3 yaks (D:11)
  A hungry ghost (D:9)
  A water moccasin (D:6)
  2 black bears (D:11)
  2 ice beasts
  7 sky beasts
  2 phantoms
  An ogre (D:8)
  6 orc warriors
  A centaur (D:8)
  A big kobold (D:11)
  9 bullfrogs
  A wyvern skeleton (D:7)
  8 wights
  A howler monkey (D:4)
  7 crimson imps
  A bullfrog zombie (D:7)
  A jelly (D:10)
  5 hounds
  A bullfrog skeleton (D:7)
  4 orc priests
  3 centaur skeletons
  Ijyb (D:4)
  10 worker ants
  3 iguanas
  11 orc wizards
  2 hound zombies (D:6)
  A hound skeleton (D:8)
  2 worker ant zombies
  7 gnolls
  9 adders
  2 shadow imps (D:5)
  3 oozes
  2 adder skeletons
  2 worms (D:3)
  3 leopard geckos
  38 orcs
  2 ball pythons
  5 bats
  8 giant cockroaches
  5 goblins
  7 hobgoblins
  9 jackals
  14 kobolds
  4 quokkas
  8 frilled lizards
  A quokka skeleton (D:9)
  8 rats
247 creatures vanquished.

Vanquished Creatures (others)
  A fungus (Lair:1)
  A plant (Lair:1)
2 creatures vanquished.

Grand Total: 249 creatures vanquished

Notes
Turn   | Place    | Note
-------+----------+-------------------------------------------
     0 | D:1      | IBeShadow the Tengu Air Elementalist began the quest for
                  | the Orb.
     0 | D:1      | Reached XP level 1. HP: 10/10 MP: 4/4
     3 | D:1      | Noticed an electric eel
     3 | D:1      | Noticed an electric eel
   631 | D:1      | Reached XP level 2. HP: 11/16 MP: 1/6
   937 | D:1      | Reached skill level 1 in Fighting
   973 | D:1      | Reached XP level 3. HP: 3/20 MP: 1/7
  1605 | D:2      | Found a sparkling altar of Nemelex Xobeh.
  1701 | D:2      | Found an ornate altar of the Wu Jian Council.
  1924 | D:2      | Reached XP level 4. HP: 25/25 MP: 8/8
  2629 | D:3      | Reached skill level 1 in Maces & Flails
  2959 | D:3      | Gained mutation: You can fly continuously. [Tengu growth]
  2959 | D:3      | Reached XP level 5. HP: 30/30 MP: 10/10
  2977 | D:3      | Reached skill level 5 in Air Magic
  3409 | D:3      | Found a faded altar of an unknown god.
  3617 | D:4      | Reached XP level 6. HP: 34/35 MP: 11/11
  3867 | D:4      | Found a deep blue altar of Sif Muna.
  4307 | D:4      | Noticed Ijyb
  4324 | D:4      | Killed Ijyb
  4507 | D:5      | Entered Level 5 of the Dungeon
  4511 | D:5      | Noticed a phantom
  4544 | D:5      | Killed a phantom
  4544 | D:5      | Reached XP level 7. HP: 10/40 MP: 5/13
  5191 | D:5      | Found an iron altar of Okawaru.
  5335 | D:5      | Found a staircase to the Ecumenical Temple.
  5444 | Temple   | Entered the Ecumenical Temple
  5451 | Temple   | Became a worshipper of Ashenzari the Shackled
  5796 | D:6      | Reached skill level 5 in Conjurations
  5907 | D:6      | HP: 2/41 [sky beast (6)]
  5918 | D:6      | Reached skill level 5 in Maces & Flails
  5918 | D:6      | Reached XP level 8. HP: 29/46 MP: 14/14
  7072 | D:6      | Reached XP level 9. HP: 29/52 MP: 16/16
  7562 | D:7      | Reached skill level 1 in Shields
  7974 | D:7      | Noticed Prince Ribbit
  8303 | D:7      | Found a shimmering altar of Xom.
  8527 | D:7      | Reached * piety under Ashenzari
  8534 | D:7      | Found a shadowy altar of Dithmenos.
  8585 | D:7      | Killed Prince Ribbit
  8585 | D:7      | Reached skill level 5 in Shields
  8832 | D:8      | Found an ancient bone altar of Kikubaaqudgha.
  9154 | D:7      | Learned a level 4 spell: Airstrike
  9239 | D:8      | Found a burning altar of Makhleb.
  9485 | D:8      | Noticed Psyche
  9494 | D:8      | Killed Psyche
  9494 | D:8      | Reached skill level 5 in Spellcasting
  9494 | D:8      | Reached XP level 10. HP: 51/58 MP: 1/18
  9497 | D:8      | Reached skill level 5 in Fighting
 10150 | D:9      | Found a blossoming altar of Fedhas.
 11028 | D:10     | Entered Level 10 of the Dungeon
 11315 | D:10     | Noticed Nergalle
 12016 | D:10     | Noticed Erolcha
 12895 | D:10     | Killed Nergalle
 13046 | D:10     | Reached XP level 11. HP: 64/64 MP: 9/21
 13126 | D:10     | Reached ** piety under Ashenzari
 13431 | D:10     | Found a staircase to the Orcish Mines.
 13472 | D:10     | Killed Erolcha
 13760 | D:11     | Noticed Erica
 13790 | D:11     | Killed Erica
 14359 | D:11     | Found a staircase to the Lair.
 14609 | D:11     | Noticed a white ugly thing
 14674 | Lair:1   | Entered Level 1 of the Lair of Beasts
 14674 | Lair:1   | Noticed a death yak
 14674 | Lair:1   | Noticed a death yak
 14674 | Lair:1   | Noticed a death yak
 14678 | Lair:1   | Noticed a death yak
 14678 | Lair:1   | Noticed a death yak
 14685 | Lair:1   | Found a runed translucent door.
 14686 | Lair:1   | Noticed meepyknight's ghost (journeyman GrFi)
 14752 | Lair:1   | Mangled by a death yak

Skill      XL: |  1  2  3  4  5  6  7  8  9 10 11 |
---------------+----------------------------------+-----
Conjurations   | 2 3 4 5 6 7 8 9 |  9.2
Fighting       | 1 2 3 4 6 |  6.7
Maces & Flails | 1 2 3 5 6 8 9 |  9.3
Air Magic      | 5 6 7 9 |  9.8
Spellcasting   | 3 4 5 6 |  6.5
Shields        | 6 |  6.6
Dodging        | |  2.1
Stealth        | |  2.0

Action                   |  1- 3 |  4- 6 |  7- 9 | 10-12 || total
-------------------------+-------+-------+-------+-------++-------
Melee: Unarmed           |    24 |       |       |       ||    24
       Dagger            |    20 |    28 |       |       ||    48
       Peck              |    11 |    19 |    41 |    52 ||   123
       Kick              |    11 |    38 |    68 |    69 ||   186
       Flail             |    37 |     7 |       |       ||    44
       Whip              |       |   146 |   384 |   320 ||   850
 Cast: Shock             |    12 |    24 |    85 |    36 ||   157
       Airstrike         |       |       |     8 |    77 ||    85
 Abil: Fly               |       |     1 |       |       ||     1
  Use: Scroll            |       |     3 |     2 |    11 ||    16
       Potion            |       |       |     1 |     2 ||     3
 Stab: Sleeping          |     5 |     1 |     2 |     3 ||    11
  Eat: Chunk             |     3 |     8 |    13 |    19 ||    43
       Ration            |       |       |     1 |     3 ||     4
Armor: Robe              |    14 |       |       |    68 ||    82
       Ring mail         |    14 |    58 |   131 |     1 ||   204
       Skin              |       |       |       |    11 ||    11
Dodge: Dodged            |    45 |    94 |   195 |   153 ||   487
Block: Buckler           |       |       |    37 |   100 ||   137
